Map: Oblivion Express

Players

monk

  • Race: Terran Terran
  • Spawn Location: 12:00

Yuriprime

  • Race: Terran Terran
  • Spawn Location: 0:00

VOD

Have the link to the VOD?

Description

Time

  • Played on: Sept. 30, 2017, 8:54 a.m.
  • Length: 23:56
Show
View Real Time Build Order
Export as new Build Order

monk Terran 

Build Orders:  

Get SALT Encoding   

  12  0:06  SCV  
  13  0:23  SCV  
  13  0:26  Supply Depot  
  15  0:40  SCV  
  15  0:59  SCV  
  16  1:04  Factory  
  16  1:16  SCV  
  17  1:33  SCV  
  18  1:43  Devastation Turret  
  19  1:50  SCV  
  19  1:57  Devastation Turret  
  19  2:07  SCV  
  20  2:24  SCV  
  21  2:36  Command Center  
  22  2:40  SCV  
  22  2:53  Refinery  
  22  2:57  SCV  
  24  3:02  SCV  
  24  3:05  Refinery  
  24  3:14  SCV  
  26  3:20  SCV  
  26  3:24  Refinery  
  27  3:31  SCV  
  27  3:36  Refinery  
  27  3:37  SCV  
  28  3:48  SCV  
  29  3:53  SCV  
  30  4:04  Devastation Turret  
  30  4:05  Perdition Turret, SCV  
  30  4:09  Factory Tech Reactor  
  32  4:10  SCV  
  33  4:22  SCV  
  33  4:29  SCV  
  34  4:33  Perdition Turret  
  34  4:39  SCV  
  35  4:40  Siege Tank  
  35  4:49  Supply Depot  
  38  5:05  Supply Depot, SCV x2  
  40  5:12  Siege Tank  
  45  5:22  SCV x2  
  45  5:35  Siege Tank  
  45  5:37  Supply Depot  
  45  5:39  SCV  
  50  5:42  SCV  
  50  5:47  Maelstrom Rounds  
  50  5:56  SCV  
  51  6:03  SCV  
  52  6:10  Supply Depot  
  52  6:13  SCV  
  54  6:20  SCV  
  54  6:23  Starport  
  55  6:30  SCV  
  55  6:33  Siege Tank  
  55  6:37  SCV  
  60  6:50  SCV  
  60  6:54  SCV  
  60  7:08  SCV  
  61  7:10  Siege Tank  
  61  7:11  Siege Tank x2  
  61  7:17  SCV  
  68  7:20  Armory, Supply Depot  
  68  7:22  Starport Tech Reactor  
  69  7:32  SCV  
  69  7:37  SCV  
  70  7:47  Siege Tank  
  70  7:49  SCV, Hercules  
  77  7:59  SCV  
  78  8:01  Supply Depot  
  78  8:06  Supply Depot  
  78  8:13  Siege Tank  
  78  8:16  SCV x2  
  78  8:17  Upgrade Laser Drill Level 1  
  83  8:20  Terran Vehicle and Ship Weapons Level 1  
  83  8:22  Devastation Turret  
  83  8:43  Supply Depot  
  83  8:44  Supply Depot  
  83  8:45  Science Vessel x2  
  83  8:48  Improved Nano-Repair  
  87  8:57  Engineering Bay  
  87  9:13  Devastation Turret  
  87  9:26  Hi-Sec Auto Tracking  
  87  9:29  Siege Tank x2  
  93  9:43  Supply Depot  
  93  9:46  Supply Depot  
  93  9:57  Devastation Turret  
  93  10:11  Siege Tank x2  
  99  10:21  Hercules  
  99  10:26  Building Armor  
  102  10:31  Devastation Turret  
  102  10:36  Supply Depot  
  102  10:47  Siege Tank x2  
  108  10:57  Armory  
  108  11:04  Supply Depot  
  108  11:05  Terran Vehicle and Ship Weapons Level 2  
  108  11:17  Devastation Turret x2  
  108  11:27  Siege Tank x2  
  114  11:35  Supply Depot, Upgrade Laser Drill Level 2  
  114  11:50  Devastation Turret  
  114  11:57  Advanced Optics  
  114  12:14  Siege Tank  
  114  12:15  Defensive Matrix  
  114  12:17  Fire-Suppression Systems  
  114  12:41  Siege Tank  
  117  12:55  Siege Tank  
  120  13:13  Devastation Turret x2  
  120  13:25  Siege Tank  
  122  13:31  Siege Tank  
  125  13:46  Devastation Turret  
  125  14:01  Siege Tank  
  125  14:07  Siege Tank  
  131  14:11  Devastation Turret  
  131  14:12  Devastation Turret  
  131  14:26  Devastation Turret  
  131  14:37  Siege Tank  
  131  14:43  Siege Tank  
  131  14:54  Devastation Turret  
  131  14:56  Siege Tank x7  
  131  15:04  SCV x2  
  131  15:05  Terran Vehicle and Ship Weapons Level 3  
  127  15:13  Siege Tank  
  127  15:19  Siege Tank  
  134  15:20  SCV  
  134  15:28  SCV  
  141  15:37  SCV  
  141  15:39  Devastation Turret  
  142  15:45  SCV  
  142  15:49  Siege Tank  
  146  15:55  Siege Tank  
  146  15:56  SCV  
  150  16:02  SCV  
  150  16:12  Devastation Turret  
  150  16:17  Supply Depot, Terran Vehicle And Ship Armor Level 1  
  150  16:19  KMC Auto-Loaders  
  150  16:26  Supply Depot  
  150  16:27  Supply Depot  
  150  16:30  Devastation Turret, Supply Depot  
  150  16:41  Devastation Turret  
  152  16:50  Supply Depot, SCV x2  
  152  16:51  Siege Tank x2  
  158  17:00  Devastation Turret  
  158  17:07  SCV x2  
  160  17:11  Hercules  
  160  17:13  Devastation Turret  
  160  17:14  Hercules  
  166  17:24  Devastation Turret  
  166  17:27  Siege Tank x2  
  172  17:39  Devastation Turret x2  
  172  18:03  Siege Tank x2  
  177  18:28  Supply Depot  
  177  18:29  Devastation Turret x3  
  177  18:32  Devastation Turret  
  177  18:37  Devastation Turret  
  177  19:10  Siege Tank  
  177  19:11  Siege Tank  
  177  19:39  Siege Tank  
  179  19:40  Siege Tank  
  179  19:41  Siege Tank  
  182  19:50  Siege Tank  
  182  19:54  Devastation Turret  
  182  19:58  Devastation Turret  
  181  20:02  Siege Tank x6  
  178  20:15  Siege Tank  
  178  20:16  Siege Tank  
  182  20:24  Devastation Turret  
  182  20:26  Devastation Turret  
  185  20:32  Devastation Turret  
  185  20:39  Devastation Turret  
  182  20:50  Regenerative Bio-Steel  
  182  20:51  Siege Tank  
  182  20:52  Siege Tank  
  188  21:02  Devastation Turret x2  
  185  21:14  Siege Tank x7  
  185  21:22  Devastation Turret x2  
  185  21:25  Siege Tank x3  
  185  21:26  Devastation Turret  
  185  21:27  Siege Tank x2  
  185  21:29  Devastation Turret  
  187  21:54  Devastation Turret  
  187  21:57  Devastation Turret x2  
  187  22:03  Siege Tank x2  
  193  22:18  Devastation Turret  
  190  22:25  Devastation Turret  
  190  22:29  Devastation Turret  
  187  22:31  Devastation Turret  
  184  22:43  Siege Tank  
  184  22:44  Siege Tank  
  184  22:57  Devastation Turret  
  184  22:58  Devastation Turret  
  181  23:00  Devastation Turret  
Show
View Real Time Build Order
Export as new Build Order

Yuriprime Terran 

Build Orders:  

Get SALT Encoding   

  12  0:07  SCV  
  13  0:26  Barracks  
  13  0:34  SCV  
  14  0:51  SCV  
  15  1:09  Orbital Command  
  15  1:35  Supply Depot  
  15  1:39  Supply Depot  
  15  1:45  Supply Depot  
  15  2:44  Supply Depot  
Tags
 
Add a new tag
Caveats
  • Supply blocks, unpowered buildings, or Contaminate may cause inaccurate times.
  • Supply counts are checked every 10 seconds.